 Dungeon Crawl Stone Soup version 0.21.1-1-g345015fe64 (webtiles) character file.

153955 Lavandula the Severer (level 17, -1/201 HPs)
             Began as a Barachi Earth Elementalist on July 1, 2018.
             Was the Champion of Cheibriados.
             Slain by an emperor scorpion (18 damage)
             ... on level 4 of the Spider Nest.
             The game lasted 02:02:58 (13270 turns).

Lavandula the Severer (Barachi Earth Elementalist) Turns: 13270, Time: 02:02:59

Health: -1/201     AC: 21    Str: 32    XL:     17   Next: 32%
Magic:  3/41       EV: 19    Int: 36    God:    Cheibriados [******]
Gold:   1158       SH:  0    Dex: 24    Spells: 3/38 levels left

rFire    + + +     SeeInvis +   j - +8 frozen axe "Frostbite" {freezing cloud, *Noise +Fly rC+}
rCold    + + .     Gourm    .   (shield currently unavailable)
rNeg     . . .     Faith    .   h - +3 scale mail of the Slorg {MP+9 Int+4 SInv Stlth+}
rPois    +         Spirit   .   c - +0 helmet of Seliubb {rF++ Regen+ Int-3 Dex-4}
rElec    .         Reflect  .   M - scarf {cloud immunity}
rCorr    .         Harm     +   t - +0 pair of gloves
MR       ++++.                  a - +2 pair of boots {Stlth+}
Stlth    ..........             N - amulet of harm
HPRegen  1.83/turn              x - ring of Qazlal's Hope {*Contam rPois rF+ rC+ MR+++}
MPRegen  0.27/turn              l - ring of flight

@: mighty, berserking, singing, can't hop, regenerating (expiring), studying
Bows, very slow
A: +LOS, swims, icy blue scales 1, rugged brown scales 1, slowness 1, strong
legs 2
}: 1/15 runes: decaying
a: Hop, Bend Time, Temporal Distortion, Slouch, Step From Time, Renounce
Religion, Evoke Flight


You were on level 4 of the Spider Nest.
You worshipped Cheibriados.
Cheibriados was exalted by your worship.
You were not hungry.

You visited 6 branches of the dungeon, and saw 27 of its levels.
You also visited: Labyrinth.

You collected 1997 gold pieces.
You spent 839 gold pieces at shops.

Inventory:

Hand Weapons
 j - the +8 frozen axe "Frostbite" (weapon) {freezing cloud, *Noise +Fly rC+}
   (You took it off a minotaur in a labyrinth)

   It has been specially enchanted to freeze those struck by it, causing extra
   injury to most foes and up to half again as much damage against particularly
   susceptible opponents.
   It can also slow down cold-blooded creatures.
   It protects you from cold.
   It lets you fly.
   It may make noises in combat.
 k - a +5 dagger of venom
 D - a +0 blowgun
Missiles
 b - 205 stones
 i - a throwing net
 o - 4 curare-tipped needles
 C - 6 javelins (quivered)
Armour
 a - a +2 pair of boots of stealth (worn)
 c - the +0 helmet of Seliubb (worn) {rF++ Regen+ Int-3 Dex-4}
   (You found it on level 1 of the Swamp)

   It affects your intelligence (-3).
   It affects your dexterity (-4).
   It greatly protects you from fire.
   It increases your rate of regeneration.
 g - a +0 troll leather armour
 h - the +3 scale mail of the Slorg (worn) {MP+9 Int+4 SInv Stlth+}
   (You found it on level 1 of the Swamp)

   It affects your intelligence (+4).
   It affects your magic capacity (+9).
   It lets you see invisible.
   It makes you more stealthy.
 q - a +2 robe of cold resistance
 t - a +0 pair of gloves (worn)
 u - the +0 robe "Romewoom" {*Corrode rF+ Str+5 Int+2}
   (You found it on level 5 of the Dungeon)

   It affects your strength (+5).
   It affects your intelligence (+2).
   It protects you from fire.
   It may corrode you when you take damage.
 v - a +0 robe of resistance
 w - a +2 robe of positive energy
 I - a +1 leather armour of fire resistance
 M - a scarf of cloud immunity (worn)
Magical Staves
 G - an uncursed staff of air
Jewellery
 l - a ring of flight (right hand)
 m - an uncursed amulet of guardian spirit
 r - an uncursed ring of protection from cold
 x - the ring of Qazlal's Hope (left hand) {*Contam rPois rF+ rC+ MR+++}
   (You bought it in a shop on level 2 of the Orcish Mines)

   [ring of protection from fire]

   It protects you from fire.
   It protects you from cold.
   It protects you from poison.
   It affects your resistance to hostile enchantments.
   It causes magical contamination when unequipped.
 N - an amulet of harm (around neck)
 U - an uncursed ring of see invisible
Wands
 e - a wand of digging (3)
 s - a wand of iceblast (16)
 B - a wand of flame (55)
 J - a wand of enslavement (12)
 Z - a wand of paralysis (26)
Scrolls
 n - 2 scrolls of remove curse
 z - 6 scrolls of magic mapping
 E - 3 scrolls of fog
 K - a scroll of immolation
 O - 3 scrolls of teleportation
 R - a scroll of silence
 X - 2 scrolls of vulnerability
Potions
 P - 3 potions of lignification
 S - 3 potions of curing
 T - a potion of heal wounds
 V - a potion of mutation
 Y - a potion of magic
Books
 f - a book of Enchantments

   Spells                             Type                      Level
   a - Cause Fear                     Hexes                        4
   b - Yara's Violent Unravelling     Hexes/Transmutation          5
   c - Silence                        Hexes/Air                    5
   d - Deflect Missiles               Charms/Air                   6
   e - Discord                        Hexes                        8
 p - a manual of Bows
 y - a book of Battle

   Spells                             Type                      Level
   a - Infusion                       Charms                       1
   b - Shroud of Golubria             Charms/Translocation         2
   c - Song of Slaying                Charms                       2
   d - Spectral Weapon                Hexes/Charms                 3
   e - Regeneration                   Charms/Necromancy            3
 F - a book of the Sky

   Spells                             Type                      Level
   a - Summon Lightning Spire         Summoning/Air                4
   b - Silence                        Hexes/Air                    5
   c - Deflect Missiles               Charms/Air                   6
   d - Conjure Ball Lightning         Conjuration/Air              6
   e - Tornado                        Air                          9
 Q - a Necronomicon

   Spells                             Type                      Level
   a - Haunt                          Necromancy/Summoning         7
   b - Borgnjor's Revivification      Necromancy                   8
   c - Death's Door                   Charms/Necromancy            8
   d - Infestation                    Necromancy                   8
   e - Necromutation                  Transmutation/Necromancy     8
Miscellaneous
 H - a phial of floods (inert)
 W - a sack of spiders
Comestibles
 d - 28 rations


   Skills:
 - Level 11.4 Fighting
 - Level 11.0 Short Blades
 - Level 17.3 Axes
 - Level 3.0 Throwing
 - Level 10.0 Armour
 - Level 9.4 Dodging
 - Level 4.1 Stealth
 - Level 7.2 Unarmed Combat
 + Level 11.0 Spellcasting
 - Level 4.0 Charms
 - Level 1.1 Transmutations
 - Level 4.4 Air Magic
 - Level 8.2 Earth Magic
 - Level 8.6 Invocations
 - Level 3.0 Evocations


You had 3 spell levels left.
You knew the following spells:

 Your Spells              Type           Power        Failure   Level  Hunger
a - Sandblast             Erth           ######       1%          1    None
b - Stone Arrow           Conj/Erth      #####.       1%          3    None
c - Petrify               Tmut/Erth      ######..     5%          4    None
d - Lee's Rapid Deconstr  Erth           ######....   3%          5    #......
e - Passwall              Tmut/Erth      ######....   1%          2    None
f - Shroud of Golubria    Chrm/Tloc      ####......   2%          2    None
g - Regeneration          Chrm/Necr      ####......   4%          3    None
h - Spectral Weapon       Hex/Chrm       ####....     4%          3    None
i - Song of Slaying       Chrm           #####...     1%          2    None
j - Deflect Missiles      Chrm/Air       ######....   67%         6    ####...
k - Summon Lightning Spi  Summ/Air       #####...     14%         4    None


Dungeon Overview and Level Annotations

Branches:
Dungeon (10/15)            Temple (1/1) D:4            Lair (6/6) D:9
  Swamp (4/4) Lair:2       Spider (4/4) Lair:4        Slime (0/5) Lair:6
    Orc (2/2) D:9             Elf (0/3) Orc:2

Altars:
Cheibriados
Fedhas
Hepliaklqana
Kikubaaqudgha
Makhleb
Nemelex Xobeh
Qazlal
Ru
Sif Muna
Uskayaw
Vehumet
Xom
Yredelemnul
Beogh

Shops:
D:7 [   D:9 %   Orc:2 =!(}

Annotations:
D:3 Worldyogurt's ghost, amateur GnWn
D:4 exclusions: iguana and ogre
D:9 Evaline's ghost, journeyman GrFi
Lair:6 exclusion: 4 oklob plants
Swamp:4 Peloso's ghost, adept MiFi
Orc:2 Azrael; Josephine


Innate Abilities, Weirdness & Mutations

Shadows flee at your approach. (+LOS)
You can swim through water.
You cover ground slowly.
You can hop long distances.
You are partially covered in icy blue scales. (AC +2)
You are partially covered in rugged brown scales. (AC +1, +3% HP)


Message History

Your Spellcasting skill increases to level 11!
You closely miss the emperor scorpion.
The emperor scorpion completely misses you.
The emperor scorpion claws you but does no damage.
The emperor scorpion claws you.
* * * LOW HITPOINT WARNING * * *
The emperor scorpion stings you but does no damage.
The emperor scorpion claws you but does no damage.
The emperor scorpion claws you.
* * * LOW HITPOINT WARNING * * *
Your water elemental hits the emperor scorpion!
Unknown command.
You catch the helpless emperor scorpion completely off-guard!
You slash the emperor scorpion! You freeze the emperor scorpion!
The emperor scorpion is almost dead.
The emperor scorpion stings you but does no damage.
The emperor scorpion claws you.
* * * LOW HITPOINT WARNING * * *
The emperor scorpion claws you!
You die...

#≈^.≈≈###...###...
#..≈### #####≈..≈≈
#^.## #####≈^.##
##†## ..##..≈#
#.≈#### ...##≈.###
##..≈.≈##y.. #≈.^.##
#...E≈≈Es# #≈^..≈#
#≈†s##≈≈'# ##≈..^≈
#≈≈@#####y..###.^...
###≈.≈# ..##≈.†.≈.
#≈..# .##≈^†##.
#≈.## ##≈^≈##.
#≈.≈### ##....#
##≈.≈.## #...^#
#....≈# ####^≈.≈
##....## #..###≈†
##...≈###...###^


You could see an emperor scorpion (berserk) and a friendly water elemental.

Vanquished Creatures
  Jorgrun (Spider:4)
  Kirke (Spider:4)
  A thorn hunter (Swamp:4)
  2 ghost moths (Spider:4)
  3 emperor scorpions
  A stone giant (Orc:2)
  2 entropy weavers (Spider:4)
  The ghost of Tali the Severer, a journeyman MiFi of Trog (Lair:4)
  A minotaur (Lab)
  2 ice dragons (Swamp:4)
  7 hydras
  4 two-headed ogres
  7 alligators
  A catoblepas (Lair:6)
  4 orc high priests (Orc:2)
  3 death yaks (Lair:6)
  2 spriggan druids (Swamp:3)
  2 shambling mangroves
  A swamp dragon (Lair:2)
  22 wolf spiders
  18 orb spiders
  6 orc sorcerers
  4 orc knights (Orc:2)
  A cyclops (Orc:1)
  Maurice (D:9)
  2 moths of wrath
  3 black mambas
  2 torpor snails (Spider:2)
  30 spiny frogs
  A rime drake (Lair:6)
  4 freezing wraiths (Swamp:4)
  6 komodo dragons
  9 demonic crawlers
  A troll (Orc:1)
  12 hornets
  9 tyrant leeches
  Prince Ribbit (D:7)
  37 jumping spiders
  A bog body (Swamp:4)
  33 blink frogs
  7 slime creatures
  7 dream sheep (Lair:5)
  7 hippogriffs
  72 redbacks
  34 tarantellas
  5 spriggans
  A wyvern (D:8)
  54 yaks
  7 fire elementals
  3 wraiths
  3 basilisks
  2 hogs
  A human (Spider:4)
  33 vampire mosquitoes
  2 swamp worm simulacra (Swamp:4)
  3 hungry ghosts (D:8)
  2 wargs
  13 swamp worms
  8 water moccasins
  13 hydra simulacra (Swamp:4)
  7 porcupines
  A phantom (D:5)
  2 ice beasts
  2 black bears
  3 swamp drakes
  24 orc warriors
  3 ogres
  7 centaurs
  10 wolves
  9 crocodiles
  25 bullfrogs
  2 scorpions
  5 killer bees (D:8)
  4 wights (D:7)
  5 electric eels
  5 crimson imps
  5 hounds
  15 orc priests
  2 centaur skeletons
  17 jellies
  22 orc wizards
  4 iguanas
  5 worker ants
  2 hound skeletons
  3 gnolls (D:6)
  5 adders
  7 oozes
  6 swamp drake simulacra (Swamp:4)
  3 adder skeletons
  A worm (D:4)
  A ball lightning (Swamp:4)
  A dart slug (D:1)
  3 leopard geckos
  71 orcs
  2 giant cockroaches
  A hobgoblin (D:3)
  6 jackals
  5 quokkas
  2 frilled lizards
  A jackal skeleton (D:8)
  A jackal zombie (D:5)
  A leopard gecko skeleton (D:5)
  A quokka skeleton (D:9)
  2 rats (D:3)
  2 fungi (Lair:2)
  2 plants
  3 spectral weapons
842 creatures vanquished.

Vanquished Creatures (collateral kills)
  A hydra (Swamp:4)
  A spiny frog (Swamp:4)
  A redback (Spider:4)
  Grum (Lair:1)
  A wolf (Lair:1)
5 creatures vanquished.

Vanquished Creatures (others)
  2 hydras (Swamp:4)
  2 humans (Spider:4)
  A yak (Lair:6)
  A wyvern zombie (D:9)
  An iguana (Lair:2)
  An orc (Orc:2)
  5 bushes
  26 fungi
  49 plants
  4 spectral weapons
92 creatures vanquished.

Grand Total: 939 creatures vanquished

Notes
Turn   | Place    | Note
-------+----------+-------------------------------------------
     0 | D:1      | Lavandula the Barachi Earth Elementalist began the quest for the Orb.
     0 | D:1      | Reached XP level 1. HP: 13/13 MP: 3/3
   181 | D:2      | Reached XP level 2. HP: 7/19 MP: 0/5
   359 | D:3      | Noticed Worldyogurt's ghost (amateur GnWn)
   401 | D:3      | Found a hazy altar of Hepliaklqana.
   615 | D:3      | Reached XP level 3. HP: 20/24 MP: 6/6
   625 | D:3      | Learned a level 3 spell: Stone Arrow
   645 | D:4      | Found a hazy altar of Hepliaklqana.
   646 | D:4      | Noticed an ogre
   739 | D:4      | Found a staircase to the Ecumenical Temple.
   745 | Temple   | Entered the Ecumenical Temple
   816 | Temple   | Became a worshipper of Cheibriados the Contemplative
   978 | D:4      | Noticed an ogre
   983 | D:4      | Killed an ogre
   983 | D:4      | Reached XP level 4. HP: 30/30 MP: 4/8
   983 | D:4      | Reached XP level 5. HP: 35/35 MP: 4/9
  1114 | D:5      | Entered Level 5 of the Dungeon
  1179 | D:5      | Noticed a phantom
  1276 | D:6      | Learned a level 4 spell: Petrify
  1303 | D:6      | Noticed an ice beast
  1327 | D:5      | Killed a phantom
  1327 | D:5      | Reached XP level 6. HP: 6/47 MP: 6/12
  1521 | D:5      | Got a transparent robe
  1539 | D:5      | Identified the cursed +0 robe "Romewoom" {*Corrode rF+ Str+5 Int+2} (You found it on level 5 of the Dungeon)
  1559 | D:4      | Found an ancient bone altar of Kikubaaqudgha.
  1720 | D:5      | Reached skill level 5 in Earth Magic
  1720 | D:5      | Reached XP level 7. HP: 47/52 MP: 13/13
  1741 | D:5      | Reached * piety under Cheibriados
  1935 | D:6      | Learned a level 5 spell: Lee's Rapid Deconstruction
  2016 | D:7      | Reached XP level 8. HP: 39/58 MP: 2/14
  2206 | D:6      | Reached ** piety under Cheibriados
  2364 | D:7      | Reached skill level 5 in Spellcasting
  2386 | D:7      | Found Womany's Antique Armour Shoppe.
  2390 | D:7      | Bought a pair of glowing boots for 127 gold pieces
  2426 | D:7      | Found a burning altar of Makhleb.
  2528 | D:7      | Noticed Prince Ribbit
  2570 | D:7      | Killed Prince Ribbit
  2618 | D:7      | Reached XP level 9. HP: 59/63 MP: 9/20
  2690 | D:7      | Reached *** piety under Cheibriados
  2744 | D:8      | Reached skill level 1 in Evocations
  2825 | D:8      | Noticed a two-headed ogre
  2834 | D:8      | Killed a two-headed ogre
  3010 | D:8      | Reached **** piety under Cheibriados
  3097 | D:8      | Reached XP level 10. HP: 70/70 MP: 11/22
  3145 | D:8      | Found a sacrificial altar of Ru.
  3259 | D:10     | Entered Level 10 of the Dungeon
  3265 | D:9      | Found Kurhudyu's Food Shop.
  3284 | D:9      | Reached skill level 1 in Throwing
  3324 | D:9      | Noticed Evaline's ghost (journeyman GrFi)
  3403 | D:7      | Bought a pair of glowing boots for 127 gold pieces
  3501 | D:8      | Reached ***** piety under Cheibriados
  3694 | D:9      | Reached skill level 5 in Fighting
  3726 | D:9      | Noticed Maurice
  3742 | D:9      | Killed Maurice
  3836 | D:9      | Found a staircase to the Orcish Mines.
  3950 | D:9      | Found a roughly hewn altar of Beogh.
  3964 | Orc:1    | Entered Level 1 of the Orcish Mines
  3966 | Orc:1    | Reached skill level 1 in Invocations
  3967 | Orc:1    | Noticed a two-headed ogre
  3975 | Orc:1    | Killed a two-headed ogre
  3975 | Orc:1    | Reached XP level 11. HP: 75/84 MP: 0/23
  3979 | Orc:1    | Noticed an orc sorcerer
  4107 | Orc:1    | Killed an orc sorcerer
  4107 | Orc:1    | Reached skill level 5 in Invocations
  4152 | Orc:1    | Noticed a cyclops
  4280 | Orc:1    | Killed a cyclops
  4408 | Orc:1    | Noticed an orc sorcerer
  4415 | Orc:1    | Killed an orc sorcerer
  4571 | Orc:1    | Noticed a two-headed ogre
  4586 | Orc:1    | Killed a two-headed ogre
  4672 | Orc:2    | Entered Level 2 of the Orcish Mines
  4684 | Orc:2    | Noticed Josephine
  4787 | Orc:2    | Noticed a stone giant
  4805 | Orc:2    | Killed a stone giant
  4954 | Orc:2    | Noticed Azrael
  5198 | Orc:2    | Found a staircase to the Elven Halls.
  5234 | Orc:2    | Noticed an orc high priest
  5235 | Orc:2    | Noticed an orc high priest
  5236 | Orc:2    | Noticed an orc knight
  5236 | Orc:2    | Noticed an orc high priest
  5236 | Orc:2    | Noticed an orc knight
  5237 | Orc:2    | Noticed an orc knight
  5237 | Orc:2    | Noticed an orc knight
  5237 | Orc:2    | Noticed an orc sorcerer
  5238 | Orc:2    | Noticed an orc sorcerer
  5239 | Orc:2    | Noticed an orc sorcerer
  5239 | Orc:2    | Killed an orc sorcerer
  5240 | Orc:2    | Killed an orc high priest
  5240 | Orc:2    | Reached XP level 12. HP: 83/94 MP: 5/24
  5240 | Orc:2    | Reached skill level 10 in Fighting
  5248 | Orc:2    | Noticed a soul eater
  5368 | Orc:2    | Killed an orc high priest
  5405 | Orc:2    | Reached skill level 1 in Armour
  5429 | Orc:2    | Found Rotea's Gadget Shoppe.
  5429 | Orc:2    | Found Utekk's Weapon Shoppe.
  5431 | Orc:2    | Noticed a sun demon
  5470 | Orc:2    | Killed an orc high priest
  5601 | Orc:2    | Noticed an orc high priest
  5787 | Orc:2    | Killed an orc high priest
  5839 | Orc:2    | Found Pousiate's Jewellery Boutique.
  5847 | Orc:2    | Found Palof's Distillery.
  5905 | Orc:2    | Bought the ring of Qazlal's Hope {*Contam rPois rF+ rC+ MR+++} for 585 gold pieces
  5953 | Orc:2    | Found a roughly hewn altar of Beogh.
  6164 | D:9      | Noticed a two-headed ogre
  6171 | D:9      | Killed a two-headed ogre
  6300 | D:9      | Found a staircase to the Lair.
  6363 | Lair:1   | Entered Level 1 of the Lair of Beasts
  6372 | Lair:1   | Learned a level 2 spell: Passwall
  6405 | Lair:1   | Reached skill level 1 in Unarmed Combat
  6626 | Lair:1   | Reached skill level 5 in Unarmed Combat
  6626 | Lair:1   | Gained mutation: You can hop long distances. [Barachi growth]
  6626 | Lair:1   | Reached XP level 13. HP: 70/106 MP: 5/26
  6636 | Lair:1   | Noticed Grum
  6642 | Lair:1   | Killed Grum
  6711 | Lair:1   | Learned a level 2 spell: Shroud of Golubria
  6715 | Lair:1   | Learned a level 3 spell: Regeneration
  6719 | Lair:1   | Learned a level 3 spell: Spectral Weapon
  7159 | Lair:2   | Reached skill level 5 in Short Blades
  7178 | Lair:2   | Found a hide-covered altar of Uskayaw.
  7431 | Lair:3   | Learned a level 2 spell: Song of Slaying
  7527 | Lair:2   | Found a staircase to the Swamp.
  8014 | Lair:5   | Reached skill level 10 in Short Blades
  8084 | Lair:6   | Entered Level 6 of the Lair of Beasts
  8118 | Lair:6   | Found a labyrinth entrance.
  8124 | Lair:6   | Reached XP level 14. HP: 28/113 MP: 27/27
  8135 | Lab      | Entered a labyrinth
  8535 | Lab      | Gained mutation: You are partially covered in icy blue scales. (AC +2) [potion of mutation]
  8535 | Lab      | Gained mutation: You are partially covered in rugged brown scales. (AC +1, +3% HP) [potion of mutation]
  8681 | Lair:6   | Reached skill level 1 in Axes
  8704 | Lair:6   | Reached skill level 2 in Axes
  8717 | Lair:6   | Reached skill level 3 in Axes
  8721 | Lair:6   | Reached skill level 4 in Axes
  8816 | Lair:6   | Reached skill level 5 in Axes
  8995 | Lair:6   | Reached skill level 6 in Axes
  9193 | Lair:6   | Reached skill level 7 in Axes
  9388 | Lair:6   | Reached skill level 8 in Axes
  9589 | Lair:6   | Reached skill level 9 in Axes
  9622 | Lair:6   | Reached ****** piety under Cheibriados
  9720 | Lair:6   | Found a staircase to the Slime Pits.
  9747 | Lair:6   | Reached skill level 10 in Axes
  9761 | Lair:6   | Learned a level 6 spell: Deflect Missiles
  9807 | Lair:4   | Found a hole to the Spider Nest.
  9872 | Lair:4   | Noticed Tali's ghost (journeyman MiFi)
  9916 | Swamp:1  | Entered Level 1 of the Swamp
  9947 | Swamp:1  | Reached skill level 11 in Axes
  9992 | Swamp:1  | Got a spiked helmet
  9998 | Swamp:1  | Identified the cursed +0 helmet of Seliubb {rF++ Regen+ Int-3 Dex-4} (You found it on level 1 of the Swamp)
 10066 | Swamp:1  | Got a diamond-encrusted scale mail
 10078 | Swamp:1  | Identified the +3 scale mail of the Slorg {MP+9 Int+4 SInv Stlth+} (You found it on level 1 of the Swamp)
 10106 | Swamp:2  | Reached XP level 15. HP: 122/122 MP: 28/28
 10138 | Swamp:1  | Reached skill level 12 in Axes
 10287 | Swamp:2  | Reached skill level 13 in Axes
 10449 | Swamp:3  | Reached skill level 1 in Air Magic
 10502 | Swamp:3  | Reached skill level 1 in Charms
 10561 | Swamp:4  | Entered Level 4 of the Swamp
 10561 | Swamp:4  | Noticed a thorn hunter
 10566 | Swamp:4  | Killed a thorn hunter
 10844 | Swamp:4  | Identified a scroll of acquirement
 10879 | Swamp:4  | Reached skill level 5 in Armour
 10902 | Swamp:4  | Noticed Peloso's ghost (adept MiFi)
 11345 | Swamp:4  | Got a decaying rune of Zot
 11575 | Lair:4   | Killed Tali's ghost
 11607 | Spider:1 | Entered Level 1 of the Spider Nest
 11683 | Spider:1 | Reached XP level 16. HP: 110/129 MP: 29/29
 11693 | Spider:1 | Reached skill level 10 in Armour
 11880 | Spider:2 | Reached skill level 14 in Axes
 12177 | Spider:3 | Reached skill level 15 in Axes
 12293 | Spider:4 | Entered Level 4 of the Spider Nest
 12293 | Spider:4 | Noticed Jorgrun
 12438 | Spider:4 | Noticed Kirke
 12500 | Spider:3 | Reached skill level 16 in Axes
 12685 | Spider:4 | Killed Jorgrun
 12808 | Spider:4 | Killed Kirke
 12814 | Spider:4 | Reached XP level 17. HP: 124/134 MP: 30/30
 12816 | Spider:4 | Reached skill level 17 in Axes
 13045 | Spider:4 | Reached skill level 10 in Spellcasting
 13078 | Spider:4 | Learned a level 4 spell: Summon Lightning Spire
 13270 | Spider:4 | Slain by an emperor scorpion

Skill      XL: |  1  2  3  4  5  6  7  8  9 10 11 12 13 14 15 16 17 |
---------------+----------------------------------------------------+-----
Earth Magic    | 4 5 7 8 |  8.2
Spellcasting   | 3 4 7 8 9 11 | 11.0
Short Blades   | 3 10 11 | 11.0
Fighting       | 3 7 8 11 | 11.4
Evocations     | 3 |  3.0
Dodging        | 6 7 9 |  9.4
Stealth        | 4 |  4.1
Throwing       | 3 |  3.0
Invocations    | 4 8 |  8.6
Armour         | 4 9 10 | 10.0
Unarmed Combat | 5 7 |  7.2
Axes           | 11 13 16 17 | 17.3
Air Magic      | 4 |  4.4
Charms         | 4 |  4.0
Transmutations | |  1.1

Action                   |  1- 3 |  4- 6 |  7- 9 | 10-12 | 13-15 | 16-18 || total
-------------------------+-------+-------+-------+-------+-------+-------++-------
Melee: Dagger            |    18 |    48 |   125 |   234 |   331 |       ||   756
       Punch             |       |       |       |       |    20 |       ||    20
       Unarmed           |       |       |       |       |    10 |       ||    10
       Executioner's axe |       |       |       |       |   359 |   238 ||   597
Throw: Tomahawk          |       |       |     2 |       |       |       ||     2
       Javelin           |       |       |     1 |     8 |     4 |       ||    13
 Cast: Sandblast         |    19 |    21 |    47 |    49 |    69 |    45 ||   250
       Stone Arrow       |       |     4 |    31 |    14 |     8 |    20 ||    77
       Petrify           |       |     1 |       |    17 |    65 |       ||    83
       Lee's Rapid Decon |       |       |     8 |    74 |    24 |     3 ||   109
       Regeneration      |       |       |       |       |    63 |    40 ||   103
       Shroud of Golubri |       |       |       |       |    19 |    19 ||    38
       Spectral Weapon   |       |       |       |       |    20 |     2 ||    22
       Song of Slaying   |       |       |       |       |     2 |     6 ||     8
       Deflect Missiles  |       |       |       |       |     1 |       ||     1
Invok: Slouch            |       |       |       |     9 |    11 |     8 ||    28
       Temporal Distorti |       |       |       |     1 |       |       ||     1
       Bend Time         |       |       |       |       |     4 |       ||     4
       Step From Time    |       |       |       |       |     2 |       ||     2
 Abil: Hop               |     1 |     1 |     3 |     8 |    16 |     7 ||    36
       Evoke Flight      |       |       |       |       |       |     7 ||     7
Evoke: Wand              |       |     1 |     4 |    18 |    21 |     6 ||    50
       Phial of floods   |       |       |       |     1 |     3 |     2 ||     6
       Sack of spiders   |       |       |       |       |     1 |     1 ||     2
  Use: Scroll            |       |     2 |     5 |    10 |    19 |     3 ||    39
       Potion            |       |       |     3 |     3 |     9 |     2 ||    17
 Stab: Sleeping          |     3 |     2 |     4 |     3 |     5 |     1 ||    18
       Paralysed         |       |     3 |     3 |     2 |       |       ||     8
       Distracted        |       |       |       |     2 |     1 |     1 ||     4
       Invisible         |       |       |       |     3 |       |       ||     3
       Petrified         |       |       |       |    14 |    24 |       ||    38
       Petrifying        |       |       |       |       |    10 |       ||    10
  Eat: Chunk             |       |     3 |     4 |    15 |    15 |     5 ||    42
       Ration            |       |       |     2 |     1 |     1 |     1 ||     5
Armor: Robe              |     3 |     5 |    24 |     5 |       |       ||    37
       Troll leather arm |       |       |       |    33 |    34 |       ||    67
       Scale mail        |       |       |       |    19 |   230 |   218 ||   467
Dodge: Dodged            |    14 |    28 |   121 |   320 |   840 |   405 ||  1728
       Deflected         |       |       |       |       |       |     4 ||     4
